AoeStats
← DottyRock7961

Arena

510710465Analyzed
1v1 RM · 19h ago on Oct 2, 2026· 37m 23s· 2 players
Game mode
Random Map
Map size
Tiny (2 player)
Population
200
Speed
Normal
Resources
Standard
Victory
Conquest
Starting age
Dark Age
Ending age
Imperial Age
RankedLock teamsTeams togetherTeam positionsShared explorationLock speedFull tech treeHidden civsTurbo modeCheats
Victory
Defeat
🇺🇸 Spanish · United States
621
+18
🇨🇳 Japanese · China
663
-18
Joker
10:39 Feudal Age
12:51 Double-Bit Axe
15:26 Castle Age
13:18 Horse Collar
16:36 Wheelbarrow
23:57 Stone Mining
23:59 Gold Mining
28:04 Hand Cart
29:45 Bow Saw
30:26 Elite Skirmisher
32:44 Gold Shaft Mining
34:12 Heavy Plow
34:06 Gambesons
34:23 Squires
34:39 Forging
34:29 Scale Mail Armor
37:26 Imperial Age
37:18 Iron Casting
36:58 Chain Mail Armor
DottyRock7961
9:37 Loom
11:29 Feudal Age
13:55 Loom
16:47 Castle Age
32:13 Imperial Age
30:57 Husbandry
35:18 Bloodlines
36:56 Chemistry
35:53 Murder Holes
36:19 Ballistics
Connection lost

Rejoining the realm…

Still unreachable

The connection could not be restored.

Session expired

The server has moved on; the page needs a fresh start.